 Dungeon Crawl Stone Soup version 0.13-a0-1614-gd69a504 (webtiles) character file.

3665 Koal the Grappler (level 9, -5/74 HPs)
             Began as a Troll Conjurer on June 15, 2013.
             Was a Follower of Ashenzari.
             Slain by an orc warrior
             ... wielding a +0,+1 orcish war axe
              (18 damage)
             ... on Level 8 of the Dungeon.
             The game lasted 00:45:37 (7959 turns).

Koal the Grappler (Troll Conjurer)                  Turns: 7959, Time: 00:45:38

HP  -5/74        AC  6     Str 18      XL: 9   Next: 74%
MP   1/11        EV  9     Int 14      God: Ashenzari [*.....]
Gold 289         SH  0     Dex 10      Spells:  3 memorised,  4 levels left

Res.Fire  : . . .   See Invis. : .     - Unarmed
Res.Cold  : . . .   Warding    : .   a - +0 robe
Life Prot.: . . .   Conserve   : .   (shield restricted)
Res.Poison: .       Res.Corr.  : .   (helmet restricted)
Res.Elec. : .       Clarity    : .   c - +0 cloak
Sust.Abil.: . .     Spirit.Shd : .   (gloves unavailable)
Res.Mut.  : .       Stasis     : .   (boots unavailable)
Res.Rott. : .       Flight     : .   p - amulet of faith
Gourmand  : +                        (no ring)
                                     (no ring)

@: very slightly contaminated, slightly resistant to hostile enchantments,
unstealthy
A: unfitting armour, claws 3, fast metabolism 3, gourmand, regeneration 2,
saprovore 2, tough skin 2, AC +1
a: Renounce Religion


You were on level 8 of the Dungeon.
You worshipped Ashenzari.
Ashenzari was pleased with you.
You were very full.

You visited 2 branches of the dungeon, and saw 9 of its levels.

You collected 437 gold pieces.
You spent 168 gold pieces at shops.

Inventory:

Hand weapons
 e - a +7 blowgun
 G - a +0,+3 sling of flame
Missiles
 k - 63 poisoned needles
 v - 9 exploding sling bullets
 x - 4 curare-tipped needles
 y - 2 throwing nets {=f}
 H - 31 sling bullets
Armour
 a - a +0 robe (worn)
 c - a +0 cloak (worn)
Magical devices
 f - a wand of enslavement (12)
 j - a wand of cold (3)
Comestibles
 d - 6 bread rations
 m - an apple
 o - a rambutan
 s - 9 meat rations
 u - 2 chokos
 A - 3 chunks of ogre flesh
Scrolls
 i - a scroll of teleportation
 n - a scroll of magic mapping
 r - a scroll of amnesia
 t - a scroll of remove curse
 B - 5 scrolls of identify
Jewellery
 p - an amulet of faith (around neck)
Potions
 g - 4 potions of curing
 h - a potion of might
 l - 2 potions of magic
 q - 2 potions of brilliance {unknown}
 z - a potion of heal wounds
Magical staves
 b - an uncursed staff of wizardry {!a}


   Skills:
 - Level 1.5 Dodging
 - Level 1.1 Stealth
 + Level 9.5 Unarmed Combat
 - Level 2.3 Spellcasting
 - Level 6.2 Conjurations
 - Level 2.1 Hexes


You had 4 spell levels left.
You knew the following spells:

 Your Spells              Type           Power        Failure   Level  Hunger
a - Magic Dart            Conj           ###.         1%          1    #......
b - Dazzling Spray        Conj/Hex       ##......     14%         3    ####...
c - Iskenderun's Mystic   Conj           ###.....     21%         4    #####..


Dungeon Overview and Level Annotations

Branches:
Dungeon (8/27)             Temple (1/1) D:7
    Orc: D:6-11        Lair: D:8-13

Altars:
Ashenzari
Fedhas
Nemelex Xobeh
Okawaru
Trog
Xom

Shops:
D:4: ( D:5: *

Annotations
D:4 Eustachio
D:5 l0ser140's ghost, experienced LOFE


Innate Abilities, Weirdness & Mutations

You are too large for most types of armour.
You have claws for hands.
Your metabolism is lightning-fast.
You like to eat raw meat.
You heal very quickly.
You can eat rotten meat.
You are covered in fur (AC +1).
You have very tough skin (AC +2).


Message History

The orc warrior is dazzled.
Casting: Dazzling Spray
Confirm with . or Enter, or press ? or * to list all spells.
Aiming: Dazzling Spray
Press: ? - help, Shift-Dir - straight line, f/p - orc warrior
Aim: an orc warrior, wielding an orcish war axe and wearing an orcish plate armour (almost dead, blind)
You miscast Dazzling Spray.
You are very lightly contaminated with residual magic.
Your skin tingles.
You hit the orc warrior but do no damage.
The orc warrior is almost dead.
The orc warrior hits you with an uncursed orcish war axe!
* * * LOW HITPOINT WARNING * * *
You hit the orc warrior.
The orc warrior begins to bleed from its wounds!
The orc warrior is almost dead.
Drink which item? (? for menu, Esc to quit)
You feel better.
The orc warrior hits you with an uncursed orcish war axe!
You die...

### ## #######.## .. ..$)..)...#
.# #)# .# #)############## .#
###)...o@)........ .#
#.....############
.########.###.############
.##.......# #............#
..........###(##########.########
.#..#####.....# #..........#
.#..# ##.#### #.#......... .#..#
#.# #<########^. .#..###
#.###########.# #..


You could see an orc warrior (blind).

Vanquished Creatures
  The ghost of 4tharraofdagon the Grappler, an experienced OgHu (D:7)
  Joseph (D:7)
  A hippogriff (D:7)
  Edmund (D:7)
  A necrophage (D:6)
  3 sky beasts
  A phantom (D:4)
  4 ogres
  The ghost of KuKumber the Firebug, an average LOFE (D:3)
  2 centaurs
  A water moccasin zombie (D:5)
  A giant frog (D:7)
  Blork the orc (D:7)
  A goliath beetle (D:8)
  An orc priest (D:5)
  An ogre skeleton (D:4)
  2 crimson imps
  3 iguanas
  An ogre zombie (D:5)
  A hound (D:6)
  A scorpion (D:4)
  5 worker ants
  4 orc wizards
  A hound skeleton (D:7)
  2 jellies (D:8)
  A green rat (D:3)
  7 adders
  2 giant mites
  An iguana skeleton (D:5)
  2 worms
  2 giant eyeballs
  2 giant geckos
  20 orcs
  4 giant cockroaches
  19 hobgoblins
  10 jackals
  10 kobolds
  A quokka (D:5)
  A ball python (D:2)
  13 bats
  4 giant newts
  A giant spore (D:7)
  15 goblins
  A hobgoblin skeleton (D:5)
  12 rats
  4 ballistomycetes (D:7)
174 creatures vanquished.

Vanquished Creatures (others)
  A centaur skeleton (D:4)
  A gnoll shaman (D:4)
  5 gnolls (D:4)
  A giant mite (D:4)
  A ball python (D:2)
  A jackal (D:8)
  A kobold (D:2)
11 creatures vanquished.

Grand Total: 185 creatures vanquished

Notes
Turn   | Place    | Note
--------------------------------------------------------------
     0 | D:1      | Koal, the Troll Conjurer, began the quest for the Orb.
     0 | D:1      | Reached XP level 1. HP: 16/16 MP: 3/3
     0 | D:1      | Noticed a shark
    57 | D:1      | Reached skill level 1 in Unarmed Combat
   212 | D:1      | Reached XP level 2. HP: 24/24 MP: 3/3
   663 | D:2      | Reached XP level 3. HP: 27/31 MP: 0/4
   719 | D:2      | Reached skill level 3 in Unarmed Combat
   974 | D:2      | Learned a level 3 spell: Dazzling Spray
  1072 | D:2      | Reached XP level 4. HP: 39/39 MP: 5/5
  1397 | D:3      | Noticed KuKumber's ghost (average LOFE)
  1543 | D:3      | Reached skill level 4 in Unarmed Combat
  1547 | D:3      | Found a shimmering altar of Xom.
  1547 | D:3      | Found a shimmering altar of Xom.
  1549 | D:3      | Found a shimmering altar of Xom.
  1549 | D:3      | Found a shimmering altar of Xom.
  1771 | D:3      | Killed KuKumber's ghost
  1771 | D:3      | Reached skill level 5 in Unarmed Combat
  1771 | D:3      | Reached XP level 5. HP: 30/45 MP: 5/5
  2274 | D:4      | Noticed an ogre
  2286 | D:4      | Killed an ogre
  2286 | D:4      | Reached XP level 6. HP: 34/53 MP: 6/6
  2331 | D:4      | Noticed a phantom
  2372 | D:4      | Killed a phantom
  2531 | D:4      | Found Thrucvan's Antique Weapon Boutique.
  2624 | D:4      | Noticed Eustachio
  2686 | D:4      | Found a shattered altar of Ashenzari.
  2734 | D:4      | Found an iron altar of Okawaru.
  2761 | D:4      | Found a blossoming altar of Fedhas.
  2834 | D:4      | Became a worshipper of Ashenzari the Shackled
  3095 | D:4      | Reached skill level 5 in Conjurations
  3095 | D:4      | Reached XP level 7. HP: 52/59 MP: 3/6
  3176 | D:5      | Entered Level 5 of the Dungeon
  3330 | D:5      | Noticed l0ser140's ghost (experienced LOFE)
  3900 | D:5      | Found Breimien's Assorted Antiques.
  3910 | D:5      | Bought a scroll of identify for 56 gold pieces
  3910 | D:5      | Bought a scroll labeled SKAYTS KLU GIRR for 28 gold pieces
  3910 | D:5      | Bought a scroll labeled THROKO FROAMU for 28 gold pieces
  3910 | D:5      | Bought a scroll of identify for 56 gold pieces
  4513 | D:5      | Reached skill level 1 in Hexes
  5149 | D:6      | Learned a level 4 spell: Iskenderun's Mystic Blast
  5272 | D:6      | Reached XP level 8. HP: 63/67 MP: 2/8
  5693 | D:7      | Noticed Joseph
  5732 | D:7      | Killed Joseph
  5732 | D:7      | Reached skill level 6 in Conjurations
  5772 | D:7      | Noticed 4tharraofdagon's ghost (experienced OgHu)
  5871 | D:7      | Found a bloodstained altar of Trog.
  5972 | D:7      | Found a staircase to the Ecumenical Temple.
  5978 | Temple   | Entered the Ecumenical Temple
  6505 | D:7      | Noticed Blork the orc
  6535 | D:7      | Killed Blork the orc
  6606 | D:7      | Reached XP level 9. HP: 74/74 MP: 11/11
  6714 | D:7      | Found a sparkling altar of Nemelex Xobeh.
  6817 | D:7      | Noticed Edmund
  6831 | D:7      | Killed Edmund
  6831 | D:7      | Reached skill level 7 in Unarmed Combat
  7098 | D:7      | Killed 4tharraofdagon's ghost
  7098 | D:7      | Reached skill level 8 in Unarmed Combat
  7555 | D:8      | Reached skill level 9 in Unarmed Combat
  7959 | D:8      | Slain by an orc warrior

Action                   |  1- 3 |  4- 6 |  7- 9 || total
-------------------------+-------+-------+-------++-------
Melee: Unarmed           |    96 |   139 |   361 ||   596
 Fire: Sling             |       |    13 |     5 ||    18
       Blowgun           |       |       |    22 ||    22
Throw: Dart              |     6 |     2 |     1 ||     9
 Cast: Magic Dart        |    30 |    50 |    28 ||   108
       Dazzling Spray    |       |       |    34 ||    34
       Iskenderun's Myst |       |       |     1 ||     1
Evoke: Wand              |       |       |     4 ||     4
  Use: Scroll            |       |     5 |    13 ||    18
       Potion            |       |       |     3 ||     3
 Stab: Invisible         |       |       |     5 ||     5
       Sleeping          |       |       |     2 ||     2
